 Dungeon Crawl Stone Soup version 0.13-a0-3092-g1832de8 (webtiles) character file.

252 4tharraofdagon the Chopper (level 4, 0/35 HPs)
             Began as a Djinni Berserker on Sept 18, 2013.
             Was a Priest of Trog.
             Succumbed to poison (a potion of poison)
             ... on Level 5 of the Dungeon.
             The game lasted 00:06:01 (1206 turns).

4tharraofdagon the Chopper (Djinni Berserker)       Turns: 1206, Time: 00:06:01

HP   0/35        AC 12     Str 19      XL: 4   Next: 85%
MP   0/0         EV  8     Int 12      God: Trog [***...]
Gold 125         SH  0     Dex 12      Spells:  0 memorised,  3 levels left

Res.Fire  : + + +   See Invis. : .   a - +0 hand axe {=f}
Res.Cold  : x . .   Warding    : .   c - +3 dwarf chain mail
Life Prot.: + + +   Conserve   : .   (no shield)
Res.Poison: .       Res.Corr.  : .   (no helmet)
Res.Elec. : .       Clarity    : .   (no cloak)
Sust.Abil.: . .     Spirit.Shd : .   (no gloves)
Res.Mut.  : .       Stasis     : .   (boots unavailable)
Res.Rott. : .       Flight     : .   (no amulet)
Saprovore : . . .                    (no ring)
                                     f - +1 ring of evasion

@: regenerating, brilliant, quite poisoned, very slightly contaminated, hasted,
very quick, quite resistant to hostile enchantments, extremely unstealthy
A: fire immunity, cold vulnerability, life protection 3
a: Burn Spellbooks, Berserk, Trog's Hand, Renounce Religion


You were on level 5 of the Dungeon.
You worshipped Trog.
Trog was greatly pleased with you.
You were not hungry.

You visited 1 branch of the dungeon, and saw 5 of its levels.
You also visited: Sewer.

You collected 105 gold pieces.

Inventory:

Hand weapons
 a - a +0,+0 hand axe (weapon) {=f}
 v - a +4,+1 crossbow
Missiles
 w - 16 bolts
Armour
 b - a +0 animal skin
 c - a +3 dwarven chain mail (worn)
Scrolls
 d - a scroll of fear {unknown}
 e - a scroll of random uselessness {unknown}
 h - a scroll of identify {unknown}
 l - 4 scrolls of fog {unknown}
 p - a scroll of amnesia {unknown}
 r - a scroll of curse weapon {unknown}
 u - a scroll of teleportation {unknown}
Jewellery
 f - a +1 ring of evasion (left hand)
Potions
 j - a potion of speed
 m - a potion of poison
 n - a potion of flight {unknown}
 o - a potion of blood {unknown}
 q - a potion of heal wounds {unknown}
 s - a potion of might {unknown}
 t - a potion of magic {unknown}
Books
 g - a book of the Tempests

   Spells                             Type                      Level
   Static Discharge                   Conjuration/Air              3
   Lightning Bolt                     Conjuration/Air              5
   Fireball                           Conjuration/Fire             5
   Tornado                            Air                          9
   Shatter                            Earth                        9
   Trog disapproves of the use of such an item.


   Skills:
 + Level 3.4 Fighting
 * Level 4.0 Axes
 + Level 3.4 Armour
 - Level 1.7 Dodging


You had 3 spell levels left.
You didn't know any spells.

Dungeon Overview and Level Annotations

Branches:
Dungeon (5/27)
 Temple: D:4-7

Altars:
Okawaru


Innate Abilities, Weirdness & Mutations

You are immune to all types of fire, even holy and hellish.
You are vulnerable to cold.
You need no food.
You have no legs.
You are immune to negative energy.


Message History

* * * LOW HITPOINT WARNING * * *
Unknown command.
Found a meat ration.
Unknown command.
Drink which item? (? for menu, Esc to quit)
That liquid tasted very nasty...
You are poisoned.
It was a potion of poison.
Unknown command.
* * * LOW HITPOINT WARNING * * *
You feel sick.
Drink which item? (? for menu, Esc to quit)
You feel more clever all of a sudden.
It was a potion of brilliance.
* * * LOW HITPOINT WARNING * * *
You feel sick.
The orc hits you with an orcish falchion.
* * * LOW HITPOINT WARNING * * *
Drink which item? (? for menu, Esc to quit)
You feel refreshed.
It was a potion of restore abilities.
You die...

#.. . .. ... #.###
.. ###...#.. .
..#.....#. ...
##.#...... ....
.#......%.# .....
.....o. #@#.......
.......##o..>?....
......o...o........
....#...####.....
#..o# .#### #...#
##+########### #..%#
#........(...# #...#
#........(...#
#...###............#


You could see an orc priest and 2 orcs.

Vanquished Creatures
  6 adders
  A green rat (D:5)
  A worm (D:2)
  A giant eyeball (D:5)
  3 giant geckos
  An orc (D:5)
  7 bats
  A grey rat (D:5)
  3 hobgoblins
  2 jackals (Sewer)
  10 kobolds
  A quokka (D:2)
  A ball python (Sewer)
  5 giant cockroaches
  4 giant newts
  5 goblins (D:2)
  7 rats
  3 plants (Sewer)
62 creatures vanquished.

Notes
Turn   | Place    | Note
--------------------------------------------------------------
     0 | D:1      | 4tharraofdagon, the Djinni Berserker, began the quest for the Orb.
     0 | D:1      | Reached XP level 1. HP: 16/16 MP: 0/0
    71 | D:2      | Reached skill level 3 in Axes
   164 | D:2      | Reached XP level 2. EP: 22/22
   232 | D:2      | Acquired Trog's second power
   274 | D:2      | Reached XP level 3. EP: 29/29
   608 | D:3      | Found an iron altar of Okawaru.
   718 | D:5      | Entered Level 5 of the Dungeon
   791 | D:5      | Reached XP level 4. EP: 35/35
   799 | D:5      | Found a glowing drain.
   842 | D:5      | Paralysed by a giant eyeball for 4 turns
   867 | Sewer    | Entered a sewer
  1061 | Sewer    | Reached skill level 4 in Axes
  1205 | D:5      | HP: 1/35 [orc/orcish falchion (5)]
  1206 | D:5      | Succumbed to poison (a potion of poison)

Action                   |  1- 3 |  4- 6 || total
-------------------------+-------+-------++-------
Melee: Hand axe          |   104 |   193 ||   297
Invok: Berserk           |     3 |       ||     3
       Trog's Hand       |       |     3 ||     3
  Use: Potion            |       |     4 ||     4
